 Dungeon Crawl Stone Soup version 0.18.1-6-gd335043 (webtiles) character file.

4951 Implojin the Fighter (level 10, -9/83 HPs)
             Began as a Mummy Monk on May 19, 2016.
             Mangled by a fire bat (13 damage)
             ... on level 8 of the Dungeon.
             The game lasted 00:36:48 (18946 turns).

Implojin the Fighter (Mummy Monk)                  Turns: 18946, Time: 00:36:48

Health: -9/83      AC:  3    Str: 21    XL:     10   Next: 28%
Magic:  10/10      EV: 17    Int: 11    God:
Gold:   560        SH:  5    Dex: 17    Spells: 0 memorised, 9 levels left

rFire  x . .     SeeInvis .       - Unarmed
rCold  + . .     Gourm    .     (no armour)
rNeg   + + +     Faith    .     g - +1 buckler {reflect} {okay i'm bad enough at this that i want to use this}
rPois  ∞         Spirit   .     p - +1 hat
rElec  .         Dismiss  .     s - +1 cloak
rCorr  .         Reflect  +     (no gloves)
SustAt .         Harm     .     (no boots)
MR     +....                    (no amulet)
Stlth  ++........               n - +4 ring of strength
                                c - +3 ring of strength

@: somewhat resistant to hostile enchantments, unstealthy
A: no food or potions, fire vulnerability, cold resistance 1, negative energy
resistance 3, torment resistance, unbreathing
a: no special abilities


You were on level 8 of the Dungeon.
You were not hungry.

You visited 1 branch of the dungeon, and saw 8 of its levels.

You collected 560 gold pieces.

Inventory:

Armour
 g - a +1 buckler of reflection (worn) {okay i'm bad enough at this that i want to use this}
 m - a +2 cloak of poison resistance
 p - a +1 hat (worn)
 s - a +1 cloak (worn)
Rods
 k - a +1 rod of shadows (13/13)
   (You found it on level 4 of the Dungeon)
Jewellery
 c - a +3 ring of strength (left hand)
 e - an uncursed amulet of magic regeneration {unknown}
 i - an uncursed ring of flight
 j - an uncursed ring of loudness
 n - a +4 ring of strength (right hand)
 v - an uncursed amulet of dismissal {unknown}
Wands
 l - a wand of paralysis (17/24)
 t - a wand of slowing (10/48)
 x - a wand of teleportation (4/9)
 y - a wand of flame (22/48)
Scrolls
 a - a scroll of amnesia
 d - 3 scrolls of remove curse
 f - 3 scrolls of recharging
 h - a scroll of enchant weapon
 o - 2 scrolls of noise
 q - a scroll of vulnerability
 r - 2 scrolls of fog
 u - a scroll of brand weapon
 w - a scroll of identify
Comestibles
 b - 5 bread rations (quivered)


   Skills:
 - Level 9.0 Fighting
 - Level 8.0 Dodging
 - Level 1.5 Stealth
 * Level 8.3 Unarmed Combat


You had 9 spell levels left.
You didn't know any spells.

Dungeon Overview and Level Annotations

Branches:
Dungeon (8/15)             Temple (0/1) D:6
   Lair: D:8-11

Altars:
Ashenzari
Qazlal
Sif Muna
Yredelemnul

Shops:
D:4 (

Annotations:
D:7 exclusion: downstairs
D:8 exclusions: door and troll


Innate Abilities, Weirdness & Mutations

You do not eat or drink.
Your flesh is vulnerable to fire.
You are immune to poison.
Your flesh is cold resistant.
You are immune to negative energy.
You are immune to unholy pain and torment.
You can survive without breathing.


Message History

The fire bat barely misses you.
Unknown command.
The fire bat bites you.
* * * LOW HITPOINT WARNING * * *
You are engulfed in flames!
The fire burns you terribly!
* * * LOW HITPOINT WARNING * * *
The fire bat completely misses you. You block the fire bat's attack.
There is a stone staircase leading up here.
Unknown command.
Unknown command.
Unknown command.
Unknown command.
Unknown command.
Unknown command.
Unknown command.
The fire bat closely misses you. The fire bat bites you.
* * * LOW HITPOINT WARNING * * *
You are engulfed in flames!
The fire burns you terribly!
* * * LOW HITPOINT WARNING * * *
Unknown command.
Enter note: welp that was dumb Read which item? (? for menu, Esc to quit)
Okay, then.
Unknown command.
You punch the fire bat!
You kill the fire bat!
You block the fire bat's attack. The fire bat closely misses you.
Unknown command.
You barely miss the fire bat.
The fire bat is heavily wounded.
The fire bat closely misses you.
Unknown command.
The fire bat bites you.
* * * LOW HITPOINT WARNING * * *
You are engulfed in flames!
The fire burns you terribly!
You die...

.....#...!...# #.# #..# .
....###.....## #.# #..# .
...## ##...## #.# #..# b ####
##### #.#######..# ##.
######### #.##.......# #+#
..T.....# ###§##.###†.#####..
#.# #.§§##........>.... #.#
##§####.......#####.
#.######§#@###.............
#.....§b###b.........#####.
########§#§###.............
###########.............####.
#......[....####.......## #.
###.#########.####..##.### #.
#....††............>##.# #.
###T....#######.#####.##.# #.
........# #.#####.##.#######.


You could see a fire bat.

Vanquished Creatures
  Grinder (D:3)
  2 fire bats (D:8)
  A water moccasin (D:5)
  A hell hound (D:8)
  2 orc warriors
  3 sky beasts
  2 ice beasts (D:5)
  5 phantoms
  5 ogres
  3 centaurs
  2 big kobolds (D:8)
  4 giant frogs
  A water moccasin zombie (D:8)
  A wyvern skeleton (D:8)
  3 scorpions
  8 wights
  2 howler monkeys
  5 crimson imps
  A hound (D:4)
  A giant frog skeleton (D:5)
  10 orc priests
  Terence (D:3)
  Jessica (D:3)
  2 iguanas
  6 orc wizards
  12 worker ants
  3 hound zombies
  A hound skeleton (D:8)
  3 gnolls
  11 adders
  3 oozes
  An adder skeleton (D:4)
  An adder zombie (D:5)
  3 worms
  4 dart slugs
  4 giant geckos
  30 orcs
  6 bats
  5 giant cockroaches
  15 goblins
  11 hobgoblins
  16 jackals
  21 kobolds
  4 quokkas
  4 ball pythons
  A giant cockroach zombie (D:4)
  4 giant newts
  A jackal skeleton (D:7)
  A quokka skeleton (D:8)
  A quokka zombie (D:5)
  8 rats
247 creatures vanquished.

Vanquished Creatures (others)
  A fire vortex (D:8)
1 creature vanquished.

Grand Total: 248 creatures vanquished

Notes
Turn   | Place    | Note
--------------------------------------------------------------
     0 | D:1      | Implojin the Mummy Monk began the quest for the Orb.
     0 | D:1      | Reached XP level 1. HP: 18/18 MP: 1/1
   280 | D:1      | Reached XP level 2. HP: 19/24 MP: 2/2
  1163 | D:1      | Reached skill level 4 in Unarmed Combat
  1352 | D:2      | Reached XP level 3. HP: 19/29 MP: 3/3
  2759 | D:2      | Reached XP level 4. HP: 26/35 MP: 4/4
  3982 | D:3      | Noticed Jessica
  4011 | D:3      | Killed Jessica
  4011 | D:3      | Reached skill level 5 in Unarmed Combat
  4327 | D:3      | Noticed Grinder
  4418 | D:3      | Noticed an ogre
  4442 | D:3      | Found a shattered altar of Ashenzari.
  4498 | D:3      | Reached XP level 5. HP: 25/41 MP: 5/5
  5871 | D:3      | Noticed Terence
  5878 | D:3      | Killed Terence
  6612 | D:4      | Reached skill level 6 in Unarmed Combat
  6612 | D:4      | Reached XP level 6. HP: 41/47 MP: 6/6
  6921 | D:3      | Paralysed by Grinder for 2 turns
  6933 | D:3      | Killed Grinder
  6933 | D:3      | Reached skill level 4 in Fighting
  7789 | D:4      | Reached skill level 5 in Fighting
  7789 | D:4      | Reached XP level 7. HP: 14/56 MP: 7/7
  8405 | D:4      | Reached skill level 6 in Fighting
  9223 | D:4      | Reached skill level 7 in Unarmed Combat
  9652 | D:4      | Reached XP level 8. HP: 64/64 MP: 8/8
  9656 | D:4      | Found Igreopsa's Antique Weapon Emporium.
  9824 | D:5      | Entered Level 5 of the Dungeon
 10256 | D:5      | Found a basalt altar of Yredelemnul.
 10753 | D:5      | Reached skill level 8 in Unarmed Combat
 11576 | D:5      | Reached skill level 7 in Fighting
 12025 | D:5      | Reached skill level 8 in Fighting
 12436 | D:6      | Reached XP level 9. HP: 37/75 MP: 9/9
 13154 | D:6      | Reached skill level 9 in Fighting
 13522 | D:5      | Reached skill level 3 in Dodging
 13876 | D:5      | Reached skill level 4 in Dodging
 14252 | D:6      | Found a staircase to the Ecumenical Temple.
 14760 | D:7      | Reached skill level 5 in Dodging
 16023 | D:7      | Reached skill level 6 in Dodging
 17167 | D:7      | Reached skill level 7 in Dodging
 17248 | D:7      | Reached XP level 10. HP: 83/83 MP: 10/10
 17423 | D:8      | Found a stormy altar of Qazlal.
 17425 | D:8      | Found a deep blue altar of Sif Muna.
 17786 | D:8      | asdfghjkl
 18644 | D:8      | Reached skill level 8 in Dodging
 18944 | D:8      | welp that was dumb
 18946 | D:8      | HP: 4/83 [fire bat (1)]
 18946 | D:8      | Mangled by a fire bat

Skill      XL: |  1  2  3  4  5  6  7  8  9 10 |
---------------+-------------------------------+-----
Unarmed Combat | 4 5 6 7 8 |  8.3
Fighting       | 5 6 8 9 |  9.0
Dodging        | 7 8 |  8.0
Stealth        | |  1.5

Action                   |  1- 3 |  4- 6 |  7- 9 | 10-12 || total
-------------------------+-------+-------+-------+-------++-------
Melee: Unarmed           |   138 |   284 |   709 |   150 ||  1281
       Punch             |     1 |       |       |       ||     1
  Use: Scroll            |     3 |     3 |     5 |     3 ||    14
 Stab: Sleeping          |     8 |     4 |     2 |     2 ||    16
       Distracted        |       |     1 |     2 |       ||     3
Armor: Skin              |       |       |    62 |    26 ||    88
Dodge: Dodged            |    86 |   134 |   325 |   105 ||   650
Block: Buckler           |       |    46 |   120 |    39 ||   205
       Reflection        |       |       |       |     2 ||     2

Table legend:
 A = Turns spent in this place as a percentage of turns spent in the entire game.
 B = Non-inter-level travel turns spent in this place as a percentage of non-inter-level travel turns spent in the entire game.
 C = Inter-level travel turns spent in this place as a percentage of turns spent in this place.
 D = Turns resting spent in this place as a percentage of non-inter-level travel turns spent in this place.
 E = Turns spent auto-exploring this place as a percentage of non-inter-level travel turns spent in this place.
 F = Non-inter-level travel turns spent in this place divided by the number of levels of this place that you've seen.
                   A       B       C       D       E      F
               +-------+-------+-------+-------+-------+----------------------
         Total | 100.0 | 100.0 |   0.4 |   4.9 |   4.5 | 637.6
       Dungeon | 100.0 | 100.0 |   0.4 |   4.9 |   4.5 | 637.6
               +-------+-------+-------+-------+-------+----------------------

Table legend:
 A = Kills in this place as a percentage of kills in entire the game.
 B = Kills by you in this place as a percentage of kills by you in the entire game.
 C = Kills by friends in this place as a percentage of kills by friends in the entire game.
 D = Other kills in this place as a percentage of other kills in the entire game.
 E = Experience gained in this place as a percentage of experience gained in the entire game.
 F = Experience gained in this place divided by the number of levels of this place that you have seen.
                   A       B       C       D       E      F
               +-------+-------+-------+-------+-------+----------------------
         Total | 100.0 | 100.0 |  -nan |  -nan | 100.0 | 884.1
       Dungeon | 100.0 | 100.0 |  -nan |  -nan | 100.0 | 884.1
               +-------+-------+-------+-------+-------+----------------------
